 Dungeon Crawl Stone Soup version 0.25.1-2-g60ff931df9 (webtiles) character file.

Game seed: 11413487713675548055

272 ew1980 the Chopper (level 6, -5/55 HPs)
             Began as a Minotaur Fighter on Oct 29, 2020.
             Slain by a gnoll
             ... wielding a +0 spear
              (7 damage)
             ... on level 3 of the Dungeon.
             The game lasted 00:04:01 (2430 turns).

ew1980 the Chopper (Minotaur Fighter)               Turns: 2430, Time: 00:04:01

Health: -5/55      AC:  9    Str: 23    XL:     6   Next: 2%
Magic:  5/5        EV:  6    Int:  5    God:
Gold:   76         SH: 10    Dex:  9    Spells: 5/5 levels left

rFire    . . .     SeeInvis .   a - +0 war axe
rCold    . . .     Gourm    .   c - +0 kite shield
rNeg     . . .     Faith    .   t - +0 chain mail
rPois    .         Spirit   .   (helmet restricted)
rElec    .         Reflect  .   (no cloak)
rCorr    .         Harm     .   (no gloves)
MR       .....                  (no boots)
Stlth    ..........             (no amulet)
HPRegen  0.18/turn              (no ring)
MPRegen  0.09/turn              (no ring)

@: no status effects
A: retaliatory headbutt, horns 2
a: no special abilities


You were on level 3 of the Dungeon.
You were not hungry.

You visited 1 branch of the dungeon, and saw 4 of its levels.

You collected 76 gold pieces.

Inventory:

Hand Weapons
 a - a +0 war axe (weapon)
 g - a +3 mace of protection
Missiles
 o - 49 poisoned darts (quivered)
Armour
 c - a +0 kite shield (worn)
 t - a +0 chain mail (worn)
Jewellery
 h - a +6 ring of intelligence {unknown}
 n - an uncursed amulet of magic regeneration {unknown}
 s - an uncursed amulet of magic regeneration {unknown}
Scrolls
 e - a scroll of identify
 i - a scroll of enchant armour {unknown}
 m - a scroll of immolation {unknown}
 q - a scroll of magic mapping {unknown}
Potions
 d - a potion of might
 j - 2 potions of curing
 k - a potion of resistance {unknown}
 l - a potion of stabbing {unknown}
 r - a potion of cancellation {unknown}
Comestibles
 f - 3 rations


   Skills:
 + Level 4.8 Fighting
 * Level 5.2 Axes
 + Level 4.8 Armour
 + Level 4.8 Shields


You had 5 spell levels left.
You didn't know any spells.
Your spell library was empty.

Dungeon Overview and Level Annotations

Branches:
Dungeon (4/15)
 Temple: D:4-7

Altars:
Fedhas
Hepliaklqana

Annotations:
D:4 Menkaure


Innate Abilities, Weirdness & Mutations

You reflexively headbutt those who attack you in melee.
You have a pair of horns on your head.


Message History

There is a stone staircase leading down here.
You open the door.
A bat comes into view.
You block the hound's attack. The gnoll barely misses you. x2
Found a blossoming altar of Fedhas.
You closely miss the bat.
Your shield and chain mail prevent you from hitting the gnoll.
You slash the hound!
Your shield and chain mail prevent you from hitting the gnoll.
The bat hits you but does no damage. The hound barely misses you.
You furiously retaliate!
You headbutt the hound, but do no damage.
The hound bites you but does no damage. The gnoll hits you but does no damage.
You block the gnoll's attack. The gnoll hits you with a +0 club.
* * * LOW HITPOINT WARNING * * *
The gnoll closely misses you. You block the kobold's attack.
The bat hits you but does no damage. The hound bites you but does no damage.
The gnoll hits you from afar with a +0 spear!
You die...

#.....
#.....
#.....
#.....
.....#######
#...$....?#
+.gg.g....#
#.oghbK...#
#..##@##..#
#. #⌠.⌠# #
#...# ._._.
###8### ###


You could see a hound, 4 gnolls, an orc, a bat and a kobold.

Vanquished Creatures
  Sigmund (D:4)
  4 adders
  A gnoll (D:1)
  An ooze (D:2)
  An adder skeleton (D:4)
  A worm (D:2)
  3 dart slugs
  A leopard gecko (D:1)
  A ball python (D:3)
  4 giant cockroaches
  A goblin (D:1)
  7 hobgoblins
  3 jackals (D:1)
  6 bats
  6 frilled lizards
  10 kobolds
  4 rats
55 creatures vanquished.

Notes
Turn   | Place    | Note
-------+----------+-------------------------------------------
     0 | D:1      | ew1980 the Minotaur Fighter began the quest for the Orb.
     0 | D:1      | Reached XP level 1. HP: 19/19 MP: 0/0
   155 | D:1      | Reached XP level 2. HP: 22/27 MP: 1/1
   501 | D:1      | Reached skill level 3 in Axes
   616 | D:1      | You fall into a shaft and drop 1 floor!
   787 | D:2      | Reached XP level 3. HP: 27/33 MP: 2/2
  1383 | D:1      | Reached XP level 4. HP: 40/40 MP: 3/3
  1510 | D:1      | Reached skill level 4 in Axes
  2291 | D:4      | Noticed Sigmund
  2410 | D:4      | Killed Sigmund
  2410 | D:4      | Reached skill level 5 in Axes
  2410 | D:4      | Reached XP level 5. HP: 31/47 MP: 4/4
  2410 | D:4      | Reached XP level 6. HP: 36/55 MP: 5/5
  2416 | D:4      | Noticed Menkaure
  2428 | D:3      | Found a blossoming altar of Fedhas.
  2429 | D:3      | HP: 2/55 [gnoll/+0 club (4)]
  2430 | D:3      | Found a hazy altar of Hepliaklqana.
  2430 | D:3      | Slain by a gnoll

Illustrated notes

Levels and vault maps discovered:
D:1:      tarquinn_simple_flora_water_b, layout_loops_corners
D:2:      layout_basic, first_ration
D:3:      layout_basic, gammafunk_temple_overflow_statue,
          nicolae_qazlal_style_of_elements
D:4:      layout_rooms, uniq_sigmund, uniq_menkaure, uniq_natasha, uniq_pikel

Skill      XL: |  1  2  3  4 |
---------------+-------------+-----
Axes           | 3 5 |  5.2
Armour         | 4 |  4.8
Fighting       | 4 |  4.8
Shields        | 4 |  4.8

Action                   |  1- 3 |  4- 6 || total
-------------------------+-------+-------++-------
Melee: War axe           |    84 |    59 ||   143
       Headbutt          |    11 |     8 ||    19
  Use: Scroll            |       |     1 ||     1
  Eat: Chunk             |     2 |     3 ||     5
Armor: Scale mail        |    47 |    14 ||    61
       Chain mail        |       |    16 ||    16
Dodge: Dodged            |    23 |    17 ||    40
Block: Kite shield       |    52 |    41 ||    93
